 Dungeon Crawl Stone Soup version 0.28.0-45-g0d030f2227 (webtiles) character file.

Game seed: 3046765512437759842

216 101zpm the Gusty (level 5, 0/38 HPs)
             Began as a Gnoll Air Elementalist on Apr 21, 2022.
             Killed by their own static electricity (2 damage)
             ... in an ossuary.
             The game lasted 00:07:46 (4848 turns).

101zpm the Gusty (Gnoll Air Elementalist)           Turns: 4848, Time: 00:07:46

Health: 0/38       AC:  4    Str:  8    XL:     5   Next: 93%
Magic:  10/12      EV: 13    Int: 16    God:
Gold:   140        SH:  0    Dex: 12    Spells: 4/14 levels left

rFire   . . .      SeeInvis .   k - +0 battleaxe
rCold   + . .      Faith    .   (shield currently unavailable)
rNeg    . . .      Spirit   .   a - +0 robe
rPois   .          Reflect  .   v - +1 helmet
rElec   .          Harm     .   (no cloak)
rCorr   .          Rampage  .   (no gloves)
Will    .....                   (no boots)
Stlth   +++.......              g - amulet of magic regeneration
HPRegen 0.12/turn               l - ring of protection from cold
MPRegen 0.53/turn               (no ring)

@: slowed, very slow
A: fangs 1, strong nose, distributed training
a: no special abilities


You were in an ossuary.
You visited 1 branch of the dungeon, and saw 5 of its levels.
You also visited: Ossuary.

You collected 140 gold pieces.

Inventory:

Hand Weapons
 k - a +0 battleaxe (weapon)
Armour
 a - a +0 robe (worn)
 c - a +0 buckler
 v - a +1 helmet (worn)
Jewellery
 g - an amulet of magic regeneration (around neck)
 l - a ring of protection from cold (left hand)
Wands
 q - a wand of iceblast (7)
Scrolls
 b - 4 scrolls of identify {unknown}
 d - a scroll of enchant armour {unknown}
 e - 3 scrolls of teleportation {unknown}
 j - 2 scrolls of blinking {unknown}
 m - a scroll of vulnerability {unknown}
 n - a scroll of enchant weapon {unknown}
 s - a scroll of magic mapping {unknown}
 x - a scroll of holy word {unknown}
 y - a scroll of amnesia {unknown}
Potions
 f - 2 potions of heal wounds
 h - a potion of flight {unknown}
 i - a potion of might {unknown}
 o - a potion of ambrosia {unknown}
 p - a potion of curing {unknown}
 r - a potion of magic {unknown}
 t - 2 potions of degeneration {unknown}
 u - a potion of mutation {unknown}
 w - a potion of lignification {unknown}
 z - a potion of haste {unknown}
 A - a potion of attraction {unknown}


   Skills:
 + Level 1.7 Fighting
 + Level 1.7 Short Blades
 + Level 1.7 Long Blades
 + Level 1.7 Axes
 + Level 1.7 Maces & Flails
 + Level 1.7 Polearms
 + Level 1.7 Staves
 + Level 1.7 Slings
 + Level 1.7 Bows
 + Level 1.7 Crossbows
 + Level 1.7 Throwing
 + Level 1.7 Armour
 + Level 4.9 Dodging
 + Level 4.5 Stealth
 + Level 1.7 Shields
 + Level 1.7 Unarmed Combat
 + Level 5.2 Spellcasting
 + Level 2.5 Conjurations
 + Level 1.3 Hexes
 + Level 1.3 Summonings
 + Level 1.3 Necromancy
 + Level 1.3 Translocations
 + Level 1.3 Transmutations
 + Level 1.3 Fire Magic
 + Level 1.3 Ice Magic
 + Level 5.6 Air Magic
 + Level 1.3 Earth Magic
 + Level 1.3 Poison Magic
 + Level 1.9 Invocations
 + Level 1.7 Evocations


You had 4 spell levels left.
You knew the following spells:

 Your Spells              Type           Power      Damage    Failure   Level
a - Shock                 Conj/Air       68%        1d7       2%          1
b - Static Discharge      Conj/Air       17%        N/A       4%          2
c - Swiftness             Air            22%        N/A       4%          3
d - Airstrike             Air            11%        N/A       14%         4

Your spell library contained the following spells:

 Spells                   Type           Power      Damage    Failure   Level
 Animate Skeleton         Necr           16%        N/A       9%          1
 Pain                     Necr           32%        1d5       9%          1
 Vampiric Draining        Necr           8%         2d6       26%         3


Dungeon Overview and Level Annotations

Branches:
Dungeon (5/15)             Temple (0/1) D:5         Ossuary (1/1)

Altars:


Innate Abilities, Weirdness & Mutations

You have very sharp teeth.
Your uncanny sense of smell can sniff out nearby items.
Your experience applies equally to all skills.


Message History

You hit the wraith.
The wraith is moderately damaged.
The wraith hits you! The wraith closely misses you.
The wraith barely misses you.
You are too injured to fight recklessly!
You are too injured to fight recklessly!
You are too injured to fight recklessly!
You are too injured to fight recklessly!
You are too injured to fight recklessly!
You are too injured to fight recklessly!
You are too injured to fight recklessly!
Aiming: Shock (safe; 2% risk of failure)
Press: ? - help, Q - select action, (/) - cycle Shift-Dir - straight line The zap misses the wraith.
The zap hits the wraith.
The wraith is moderately damaged.
The wraith hits you! The wraith drains your vigour!
You feel as though you will be slow longer.
The wraith hits you.
* * * LOW HITPOINT WARNING * * *
Aiming: Shock (safe; 2% risk of failure)
Press: ? - help, Q - select action, (/) - cycle Shift-Dir - straight line That beam is likely to hit you.
Continue anyway?
Okay, then.
Aiming: Shock (safe; 2% risk of failure)
Press: ? - help, Q - select action, (/) - cycle Shift-Dir - straight line The zap hits the wraith.
The wraith is heavily damaged.
The zap hits the wraith.
The wraith is heavily damaged.
The wraith closely misses you. The wraith hits you.
* * * LOW HITPOINT WARNING * * *
Casting: Shock (safe; 2% risk of failure)
Confirm with . or Enter, or press ? or * to list all spells.
Okay, then.
Casting: Shock (safe; 2% risk of failure)
Confirm with . or Enter, or press ? or * to list all spells.
The wraith is struck by an arc of lightning!
The wraith is severely damaged.
You are struck by an arc of lightning.
You die...

############################
...........................#
...........................#
####..###..###..###..####..#
#.'...# #..#.#..#?#...'.#..#
####..#+#..#'#..#'#..####..#
......#.#..#.#..#W#........#
................@..........#
####.......###.......####..#
#.'....8...#.#...8....'.#..#
####.......#'#.......####..#
...........#.#.............#
...........................#
####..####.....####..####..#
#.'...#∆+...8...+∆#...+∆ .#
####..####.....####..####..#


You could see a wraith.

Vanquished Creatures
  A jelly (D:5)
  A centaur skeleton (D:4)
  Ijyb (D:4)
  A mummy (Ossuary)
  4 gnolls
  2 adders
  An orc (D:4)
  9 ball pythons
  6 endoplasms
  2 giant cockroaches (D:1)
  5 goblins
  5 hobgoblins
  3 quokkas
  5 bats
  2 frilled lizards
  3 goblin zombies (Ossuary)
  2 hobgoblin zombies (Ossuary)
  6 kobolds
  A kobold zombie (Ossuary)
  3 rats
63 creatures vanquished.

Notes
Turn   | Place    | Note
-------+----------+-------------------------------------------
     0 | D:1      | 101zpm the Gnoll Air Elementalist began the quest for the
                  | Orb.
     0 | D:1      | Reached XP level 1. HP: 13/13 MP: 6/6
   243 | D:1      | Reached XP level 2. HP: 19/19 MP: 0/7
   918 | D:2      | Reached XP level 3. HP: 25/25 MP: 6/9
   980 | D:2      | Found a faded altar of an unknown god.
  1110 | D:2      | Reached skill level 5 in Spellcasting
  1912 | D:3      | Reached skill level 1 in Invocations
  2279 | D:3      | HP: 1/25 [poisoned by an adder]
  2483 | D:3      | Reached skill level 1 in Fighting
  2483 | D:3      | Reached skill level 1 in Short Blades
  2483 | D:3      | Reached skill level 1 in Long Blades
  2483 | D:3      | Reached skill level 1 in Axes
  2483 | D:3      | Reached skill level 1 in Maces & Flails
  2483 | D:3      | Reached skill level 1 in Polearms
  2483 | D:3      | Reached skill level 1 in Staves
  2483 | D:3      | Reached skill level 1 in Slings
  2483 | D:3      | Reached skill level 1 in Bows
  2483 | D:3      | Reached skill level 1 in Crossbows
  2483 | D:3      | Reached skill level 1 in Throwing
  2483 | D:3      | Reached skill level 1 in Armour
  2483 | D:3      | Reached skill level 1 in Shields
  2483 | D:3      | Reached skill level 1 in Unarmed Combat
  2483 | D:3      | Reached skill level 1 in Evocations
  2739 | D:4      | Reached XP level 4. HP: 32/32 MP: 11/11
  3224 | D:4      | Noticed Ijyb
  3237 | D:4      | Killed Ijyb
  3238 | D:4      | Reached skill level 1 in Hexes
  3238 | D:4      | Reached skill level 1 in Summonings
  3238 | D:4      | Reached skill level 1 in Necromancy
  3238 | D:4      | Reached skill level 1 in Translocations
  3238 | D:4      | Reached skill level 1 in Transmutations
  3238 | D:4      | Reached skill level 1 in Fire Magic
  3238 | D:4      | Reached skill level 1 in Ice Magic
  3238 | D:4      | Reached skill level 1 in Earth Magic
  3238 | D:4      | Reached skill level 1 in Poison Magic
  3357 | D:4      | Reached XP level 5. HP: 24/37 MP: 12/12
  3831 | D:5      | Entered Level 5 of the Dungeon
  3831 | D:5      | Found a staircase to the Ecumenical Temple.
  4156 | D:5      | Found a sand-covered staircase.
  4168 | Ossuary  | Entered an ossuary
  4168 | Ossuary  | Noticed a wraith
  4168 | Ossuary  | Noticed a wraith
  4168 | Ossuary  | Noticed a wraith
  4174 | Ossuary  | Learned a level 2 spell: Static Discharge
  4178 | Ossuary  | Learned a level 3 spell: Swiftness
  4183 | Ossuary  | Learned a level 4 spell: Airstrike
  4836 | Ossuary  | Noticed a wraith
  4848 | Ossuary  | Killed from afar by themself

Illustrated notes

Levels and vault maps discovered:
D:1:      lightli_arrival_statue_moat, layout_basic
D:2:      layout_basic, shapermc_ecumenical_altar_petra
D:3:      layout_loops_corners
D:4:      layout_rooms, kennysheep_boxes, uniq_ijyb
D:5:      wad_lake_hut, layout_layer_cave, lemuel_round_altar, enter_ossuary_1
Ossuary:  ossuary_kennysheep_city_of_the_dead

Skill      XL: |  1  2  3  4 |
---------------+-------------+-----
Conjurations   | 2 |  2.5
Spellcasting   | 5 |  5.2
Invocations    | 1 |  1.9
Fighting       | 1 |  1.7
Short Blades   | 1 |  1.7
Long Blades    | 1 |  1.7
Axes           | 1 |  1.7
Maces & Flails | 1 |  1.7
Polearms       | 1 |  1.7
Staves         | 1 |  1.7
Slings         | 1 |  1.7
Bows           | 1 |  1.7
Crossbows      | 1 |  1.7
Throwing       | 1 |  1.7
Armour         | 1 |  1.7
Shields        | 1 |  1.7
Unarmed Combat | 1 |  1.7
Evocations     | 1 |  1.7
Hexes          | 1 |  1.3
Summonings     | 1 |  1.3
Necromancy     | 1 |  1.3
Translocations | 1 |  1.3
Transmutations | 1 |  1.3
Fire Magic     | 1 |  1.3
Ice Magic      | 1 |  1.3
Earth Magic    | 1 |  1.3
Poison Magic   | 1 |  1.3
Dodging        | |  4.9
Stealth        | |  4.5
Air Magic      | |  5.6

Action                   |  1- 3 |  4- 6 || total
-------------------------+-------+-------++-------
Melee: Unarmed           |     3 |       ||     3
       Battleaxe         |    33 |    60 ||    93
       Bite              |       |     6 ||     6
 Cast: Shock             |    62 |    18 ||    80
  Use: Potion            |     1 |       ||     1
 Stab: Sleeping          |     1 |     4 ||     5
       Distracted        |     1 |       ||     1
Armor: Robe              |    14 |    13 ||    27
Dodge: Dodged            |    39 |    51 ||    90
